 Dungeon Sprint DCSS version 0.23-a0-143-g1adec7b (webtiles) character file.

140 Faca the Fighter (level 5, -31/58 HPs)
             Began as a Minotaur Fighter on Aug 31, 2018.
             Was an Initiate of the Shining One.
             Killed from afar by a deep elf mage (40 damage)
             ... with a bolt of lightning
             ... in the Dungeon (Sprint V: "Ziggurat Sprint").
             The game lasted 00:01:37 (90 turns).

Faca the Fighter (Minotaur Fighter)                   Turns: 90, Time: 00:01:37

Health: -31/58     AC: 16    Str: 28    XL:     5   Next: 2%
Magic:  4/4        EV:  5    Int:  5    God:    the Shining One [......]
Gold:   0          SH: 13    Dex: 15    Spells: 4/4 levels left

rFire    . . .     SeeInvis .   p - +5 broad axe
rCold    . . .     Gourm    .   o - +3 shield
rNeg     . . .     Faith    .   m - +5 plate armour
rPois    .         Spirit   .   (helmet restricted)
rElec    .         Reflect  .   (no cloak)
rCorr    .         Harm     .   (no gloves)
MR       .....     NoTele   +   (no boots)
Stlth    ..........             (no amulet)
HPRegen  0.19/turn              I - +6 ring of strength
MPRegen  0.09/turn              E - +6 ring of dexterity

@: glowing
A: retaliatory headbutt, horns 2
a: Renounce Religion


You were in the Dungeon.
You worshipped the Shining One.
The Shining One was noncommittal.
You were not hungry.

You visited 1 branch

Inventory:

Hand Weapons
 a - the +8 lance "Wyrmbane" {slay drac, rPois rF+ rC+ AC+3}
   (You found it in the Dungeon)

   It affects your AC (+3).
   It protects you from fire.
   It protects you from cold.
   It protects you from poison.
 p - a +5 broad axe (weapon)
Armour
 l - +5 gold dragon scales
 m - a +5 plate armour (worn)
 n - a +3 large shield
 o - a +3 shield (worn)
Jewellery
 E - a +6 ring of dexterity (right hand)
 H - a +6 ring of intelligence
 I - a +6 ring of strength (left hand)
Wands
 y - a wand of disintegration (7)
 C - a wand of iceblast (7)
 D - a wand of acid (7)
Scrolls
 k - 4 scrolls of blinking
 r - 7 scrolls of fog
 s - a scroll of holy word
 t - 5 scrolls of identify
 u - 5 scrolls of remove curse
 v - 2 scrolls of fear
Potions
 d - 6 potions of might
 e - 10 potions of curing
 g - 10 potions of heal wounds
 h - 6 potions of haste
 i - 7 potions of magic
 j - 3 potions of berserk rage
 w - 2 potions of brilliance
 x - 2 potions of invisibility
 z - 4 potions of resistance
 B - 5 potions of agility
Comestibles
 f - 7 rations


   Skills:
 + Level 10.1 Fighting
 + Level 9.8 Axes
 - Level 3.6 Armour
 - Level 3.6 Shields


You had 4 spell levels left.
You didn't know any spells.
Your spell library was empty.

Dungeon Overview and Level Annotations

Branches:
Dungeon (1/1)

Altars:
Ashenzari
Cheibriados
Dithmenos
Elyvilon
Fedhas
Gozag
Hepliaklqana
Kikubaaqudgha
Makhleb
Nemelex Xobeh
Okawaru
Qazlal
Ru
Sif Muna
Trog
Uskayaw
Vehumet
Wu Jian
Xom
Yredelemnul
Zin
The Shining One
Beogh
Jiyva
Lugonu

Annotations:
D 1 transporter


Innate Abilities, Weirdness & Mutations

You reflexively headbutt those who attack you in melee.
You have a pair of horns on your head.


Message History

* * * LOW HITPOINT WARNING * * *
You block the fire elemental's attack.
The deep elf mage casts a spell.
The deep elf mage blinks!
You barely miss the fire elemental. You headbutt the fire elemental!
You destroy the fire elemental!
Your Fighting skill gained 3 levels and is now at level 10!
Your Axes skill gained 3 levels and is now at level 9!
You have reached level 3!
Your experience leads to an increase in your attributes!
Your base attributes are Str 20, Int 5, Dex 9.
Increase (S)trength, (I)ntelligence, or (D)exterity?
You feel stronger.
You have reached level 4!
You feel stronger.
You have reached level 5!
The deep elf mage points at you and mumbles some strange words.
The bolt of lightning hits you!
Ouch! That really hurt!
You die...

▓▓▓▓▓▓▓
▓.8©8.▓
▓.....▓
▓.§.=.▓
▓..§.e▓
▓..§..▓
▓..©@.▓
▓▓▓▓▓▓▓


You could see a deep elf mage.

Vanquished Creatures
  A fire elemental (D)
1 creature vanquished.

Notes
Turn   | Place    | Note
-------+----------+-------------------------------------------
     0 | D        | Found the +6 Majin-Bo {vamp, Archmagi MP+6 Int+6}
     0 | D        | Found the +7 great mace "Firestarter" {inner flame, rF++}
     0 | D        | Faca the Minotaur Fighter began the quest for the Orb.
     0 | D        | Reached XP level 1. HP: 19/19 MP: 0/0
     3 | D        | Found a blossoming altar of Fedhas.
     5 | D        | Found a viscous altar of Jiyva.
     5 | D        | Found a hazy altar of Hepliaklqana.
     5 | D        | Found a transporter.
     5 | D        | Found an opulent altar of Gozag.
     5 | D        | Found an ancient bone altar of Kikubaaqudgha.
     5 | D        | Found a corrupted altar of Lugonu.
     9 | D        | Found a burning altar of Makhleb.
    10 | D        | Found a sacrificial altar of Ru.
    10 | D        | Found a stormy altar of Qazlal.
    10 | D        | Found a deep blue altar of Sif Muna.
    10 | D        | Found an iron altar of Okawaru.
    10 | D        | Found a bloodstained altar of Trog.
    10 | D        | Found a sparkling altar of Nemelex Xobeh.
    33 | D        | Became a worshipper of the Shining One
    74 | D        | Reached skill level 7 in Fighting
    74 | D        | Reached XP level 2. HP: 34/34 MP: 1/1
    79 | D        | Found the +9 heavy crossbow "Sniper" {velocity, Acc+∞ SInv}
    79 | D        | Found the +10 dark maul {crush}
    79 | D        | Found the +15 Maxwell's patent armour {-Cast -Tele rElec
                  | MR+ rCorr}
    79 | D        | Found the +18 shield of the Gong {rElec rN+ MR+ EV-5}
    79 | D        | Found the cursed +14 obsidian axe {chop, +Fly SInv *Curse}
    80 | D        | Found the +6 shillelagh "Devastator" {shatter}
    80 | D        | Found the +11 plutonium sword {*Contam Stlth-}
    80 | D        | Found the +8 lance "Wyrmbane" {slay drac, rPois rF+ rC+
                  | AC+3}
    80 | D        | Found the +9 sword of Zonguldrok {reap}
    80 | D        | Found the cursed +13 scythe of Curses {drain, *Curse}
    80 | D        | Found the +0 sword of Power
    80 | D        | Found the +7 mace of Variability {chain chaos}
    80 | D        | Found the +7 Singing Sword
    80 | D        | Found the +7 longbow "Piercer" {penet, EV-2}
    86 | D        | Entered arena 2.
    86 | D        | Noticed a fire elemental
    86 | D        | Noticed a deep elf mage
    86 | D        | Found a transporter.
    90 | D        | Killed a fire elemental
    90 | D        | Reached skill level 10 in Fighting
    90 | D        | Reached XP level 3. HP: 7/45 MP: 2/2
    90 | D        | Reached XP level 4. HP: 8/51 MP: 3/3
    90 | D        | Reached XP level 5. HP: 9/58 MP: 4/4
    90 | D        | Killed from afar by a deep elf mage

Vault maps used:
D:        sprint_v

Skill      XL: |  1  2 |
---------------+-------+-----
Fighting       | 7 10 | 10.1
Axes           | 6 9 |  9.8
Armour         | |  3.6
Shields        | |  3.6

Action                   |  1- 3 |  4- 6 || total
-------------------------+-------+-------++-------
Melee: Broad axe         |     3 |       ||     3
       Headbutt          |     1 |       ||     1
  Use: Potion            |     1 |       ||     1
Armor: Plate armour      |     2 |       ||     2
Block: Shield            |     2 |       ||     2

Table legend:
 A = Non-vault XP
 B = Vault XP
 C = Vault XP percentage of total XP
 D = Non-vault monster count
 E = Vault monster count
 F = Vault count percentage of total count
                 A         B        C        D         E       F
            +---------+---------+-------+---------+---------+-------
      Total |       0 |     189 | 100.0 |       0 |       1 | 100.0
            +---------+---------+-------+---------+---------+-------
          D |       0 |     189 | 100.0 |       0 |       1 | 100.0
            +---------+---------+-------+---------+---------+-------
